cohdb
Replays
Latest Replays
All Replays
Popular Replays
Top Player Replays
Match Explorer
How It Works
Community
CoH3 Stats
Reddit
Sign in to upload your games and track your stats! →
Sign in with Steam
Match 43393981
Unlisted
Match 43393981
Overview
Messages
Build Orders
End
Pioneer Squad
Construct Infanterie Kompanie
Grenadier Squad
Selects Mechanized Battlegroup
Selects Mechanized Battlegroup
Grenadier Squad
Grenadier Squad
Infanterie Officer Quarters
Grenadier Squad
Construct Luftwaffe Kompanie
221 Scout Car
Jäger Squad
Selects Raid Package
Selects StuG Assault Group
StuG Assault Group
StuG Assault Group
Monsieur Nathan
TURBO SLOTH
0
0
Comments
sign in to comment!
No comments posted yet!